EL
RICHMOND FLYING SQUIRRELS @ ALTOONA CURVE
08/16/2099
 
TOP OF THE 1ST
Richmond Flying Squirrels batting - Pitching for Altoona Curve : LHP Chris Stagg
Pitching: LHP Chris Stagg
Batting: RHB Carlos Rodriguez 0-0: Foul Ball, location: 5F
0-1: Ball
1-1: Foul Ball, location: 5DF
1-2: Ball
2-2: Foul Ball, location: 9LSF
2-2: Foul Ball, location: 25F
2-2: Ground out 3-1 (Groundball, 34S, EV 88.1 MPH)
Batting: LHB Bill Curtis 0-0: Ball
1-0: Foul Ball, location: 3SF
1-1: Ball
2-1: Ball
3-1: Swinging Strike
3-2: Strikes out swinging
Batting: RHB Craig Knopp 0-0: Ball
1-0: Ball
2-0: Called Strike
2-1: Ball
3-1: Base on Balls
Batting: LHB Josh Layne 0-0: Ball
1-0: Ball
2-0: Called Strike
2-1: Foul Ball, location: 2F
2-2: Strikes out swinging
Top of the 1st over - 0 runs, 0 hits, 0 errors, 1 left on base; Richmond 0 - Altoona 0
BOTTOM OF THE 1ST
Altoona Curve batting - Pitching for Richmond Flying Squirrels : LHP Adam Espinoza
Pitching: LHP Adam Espinoza
Batting: RHB Jeff Morgan 0-0: Ground out 5-3 (Groundball, 56, EV 103.8 MPH)
Batting: SHB Greg O'Donnell 0-0: Called Strike
0-1: Called Strike
0-2: SINGLE (Groundball, 34S, EV 89.4 MPH)
Batting: RHB Jason Wine 0-0: Called Strike
0-1: Ball
1-1: Called Strike
1-2: Foul Ball, location: 9LSF
1-2: DOUBLE (Flyball, 8RXD, EV 108.1 MPH)
Greg O'Donnell to third
Runner from 3rd tries for Home, SAFE, no throw by CF
Batting: SHB Ken Campbell 0-0: Ball
1-0: Foul Ball, location: 2F
1-1: Ball
2-1: Foul Ball, location: 3SF
2-2: Ground out 4-3 (Groundball, 4, EV 103.1 MPH)
Jason Wine to third
Batting: RHB Stuart Steitz 0-0: Ball
1-0: DOUBLE (Line Drive, 89D, EV 100.6 MPH)
Jason Wine scores
Batting: RHB Mike Mays 0-0: Ball
1-0: Ball
2-0: Called Strike
2-1: Swinging Strike
2-2: Ball
3-2: Fly out, F8 (Flyball, 8LS, EV 84.4 MPH)
Bottom of the 1st over - 2 runs, 3 hits, 0 errors, 1 left on base; Richmond 0 - Altoona 2
TOP OF THE 2ND
Richmond Flying Squirrels batting - Pitching for Altoona Curve : LHP Chris Stagg
Batting: RHB Nawaf Shafeeq 0-0: Ground out 3-1 (Groundball, 34, EV 101.9 MPH)
Batting: LHB Eric Binder 0-0: Fly out, F8 (Flyball, 8LD, EV 98.8 MPH)
Batting: RHB Luis Henad 0-0: Ball
1-0: Called Strike
1-1: Swinging Strike
1-2: Strikes out swinging
Top of the 2nd over - 0 runs, 0 hits, 0 errors, 0 left on base; Richmond 0 - Altoona 2
BOTTOM OF THE 2ND
Altoona Curve batting - Pitching for Richmond Flying Squirrels : LHP Adam Espinoza
Batting: LHB Jimmy O'Banion 0-0: Ball
1-0: Called Strike
1-1: Foul Ball, location: 7LDF
1-2: Strikes out swinging
Batting: RHB Mike Sears 0-0: Foul Ball, location: 2F
0-1: Ball
1-1: SINGLE (Line Drive, 9S, EV 91.3 MPH)
Batting: LHB Orlando Vega 0-0: Ball
1-0: Ball
2-0: Ball
3-0: Foul Ball, location: 2F
3-1: Called Strike
3-2: Strikes out looking
Batting: RHB Jeff Morgan 0-0: Ball
1-0: Ball
2-0: Foul Ball, location: 2F
2-1: Fly out, F8 (Flyball, 8LD, EV 97.5 MPH)
Bottom of the 2nd over - 0 runs, 1 hit, 0 errors, 1 left on base; Richmond 0 - Altoona 2
TOP OF THE 3RD
Richmond Flying Squirrels batting - Pitching for Altoona Curve : LHP Chris Stagg
Batting: SHB Paul DiPietro 0-0: Foul Ball, location: 5F
0-1: Ball
1-1: Foul Ball, location: 2F
1-2: Ground out 5-3 (Groundball, 56S, EV 87.5 MPH)
Batting: RHB Alex Vasquez 0-0: Ball
1-0: Ground out 5-3 (Groundball, 5, EV 96.9 MPH)
Batting: RHB Carlos Rodriguez 0-0: Ball
1-0: Foul Ball, location: 2F
1-1: Ball
2-1: Ball
3-1: Called Strike
3-2: Base on Balls
Batting: LHB Bill Curtis 0-0: Foul Ball, location: 5F
0-1: Ball
1-1: Foul Ball, location: 23F
1-2: Ball
2-2: TRIPLE (Line Drive, 78XD, EV 107.5 MPH)
Carlos Rodriguez scores
Batting: RHB Craig Knopp 0-0: Called Strike
0-1: 2-RUN HOME RUN (Flyball, 78XD, EV 110.0 MPH), Distance : 416 ft
Batting: LHB Josh Layne 0-0: Ball
1-0: Called Strike
1-1: Ball
2-1: Swinging Strike
2-2: Ball
3-2: Foul Ball, location: 7LDF
3-2: Strikes out swinging
Top of the 3rd over - 3 runs, 2 hits, 0 errors, 0 left on base; Richmond 3 - Altoona 2
BOTTOM OF THE 3RD
Altoona Curve batting - Pitching for Richmond Flying Squirrels : LHP Adam Espinoza
Batting: SHB Greg O'Donnell 0-0: Ball
1-0: Ball
2-0: Called Strike
2-1: SINGLE (Line Drive, 6D, EV 100.0 MPH)
Batting: RHB Jason Wine 0-0: Called Strike
0-1: Fly out, F6 (Popup, 6D, EV 55.6 MPH)
Batting: SHB Ken Campbell 0-0: Swinging Strike
0-1: Foul Ball, location: 25FF
0-2: Ball
1-2: Foul Ball, location: 7LSF
1-2: Fly out, F8 (Flyball, 8LXD, EV 103.1 MPH)
Batting: RHB Stuart Steitz 0-0: Fielders Choice at 2nd, 5-4 (Groundball, 56, EV 91.3 MPH)
Bottom of the 3rd over - 0 runs, 1 hit, 0 errors, 1 left on base; Richmond 3 - Altoona 2
TOP OF THE 4TH
Richmond Flying Squirrels batting - Pitching for Altoona Curve : LHP Chris Stagg
Batting: RHB Nawaf Shafeeq 0-0: Called Strike
0-1: Called Strike
0-2: Ball
1-2: Foul Ball, location: 2F
1-2: Foul Ball, location: 9LDF
1-2: Ball
2-2: Strikes out swinging
Batting: LHB Eric Binder 0-0: Foul Ball, location: 3FF
0-1: Fly out, F6 (Popup, 6M, EV 61.3 MPH)
Batting: RHB Luis Henad 0-0: DOUBLE (Line Drive, 89XD, EV 102.5 MPH)
Batting: SHB Paul DiPietro 0-0: Ball
1-0: Foul Ball, location: 5DF
1-1: Called Strike
1-2: Ball
2-2: Ball
3-2: Foul Ball, location: 9LSF
3-2: Base on Balls
Pitching: RHP Johnny Hinojos
Batting: RHB Alex Vasquez 0-0: Ball
1-0: DOUBLE (Line Drive, 7LM, EV 105.0 MPH)
Luis Henad scores
Paul DiPietro to third
Batting: RHB Carlos Rodriguez 0-0: Foul Ball, location: 2F
0-1: Ball
1-1: Foul Ball, location: 3FF
1-2: Fly out, F9 (Flyball, 9, EV 86.9 MPH)
Top of the 4th over - 1 run, 2 hits, 0 errors, 2 left on base; Richmond 4 - Altoona 2
BOTTOM OF THE 4TH
Altoona Curve batting - Pitching for Richmond Flying Squirrels : LHP Adam Espinoza
Batting: RHB Mike Mays 0-0: Swinging Strike
0-1: Ball
1-1: Ball
2-1: Ball
3-1: Called Strike
3-2: Foul Ball, location: 2F
3-2: Fly out, F7 (Flyball, 7S, EV 91.9 MPH)
Batting: LHB Jimmy O'Banion 0-0: Ball
1-0: Ball
2-0: SINGLE (Groundball, 6S, EV 85.6 MPH)
Batting: RHB Mike Sears 0-0: Grounds into double play, 5-4-3 (Groundball, 5L, EV 81.3 MPH)
Bottom of the 4th over - 0 runs, 1 hit, 0 errors, 0 left on base; Richmond 4 - Altoona 2
TOP OF THE 5TH
Richmond Flying Squirrels batting - Pitching for Altoona Curve : RHP Johnny Hinojos
Batting: LHB Bill Curtis 0-0: SOLO HOME RUN (Flyball, 7D, EV 96.9 MPH), Distance : 383 ft
Batting: RHB Craig Knopp 0-0: Foul Ball, location: 9LMF
0-1: Ball
1-1: Ball
2-1: Foul Ball, location: 2F
2-2: SINGLE (Line Drive, 8LS, EV 85.0 MPH)
Batting: LHB Josh Layne 0-0: Called Strike
0-1: Ball
1-1: Ball
2-1: Foul Ball, location: 5DF
2-2: Foul Ball, location: 5DF
2-2: Strikes out swinging
Batting: RHB Nawaf Shafeeq 0-0: Ball
1-0: Ball
2-0: DOUBLE (Flyball, 8RXD, EV 97.5 MPH)
Craig Knopp to third
Runner from 3rd tries for Home, SAFE, throw by CF to trailing runner, SAFE at third!
Batting: LHB Eric Binder 0-0: Intentional Walk
Batting: RHB Luis Henad 0-0: Foul Ball, location: 2F
0-1: Swinging Strike
0-2: Strikes out swinging
Batting: SHB Paul DiPietro 0-0: Ground out 4-3 (Groundball, 4, EV 89.4 MPH)
Top of the 5th over - 2 runs, 3 hits, 0 errors, 2 left on base; Richmond 6 - Altoona 2
BOTTOM OF THE 5TH
Altoona Curve batting - Pitching for Richmond Flying Squirrels : LHP Adam Espinoza
Batting: LHB Orlando Vega 0-0: Foul Ball, location: 2F
0-1: Foul Ball, location: 9LDF
0-2: Foul Ball, location: 7LSF
0-2: Strikes out swinging
Batting: RHB Jeff Morgan 0-0: Swinging Strike
0-1: Fly out, F8 (Line Drive, 8RM, EV 105.0 MPH)
Batting: SHB Greg O'Donnell 0-0: Called Strike
0-1: Ball
1-1: Foul Ball, location: 23F
1-2: Foul Ball, location: 2RF
1-2: Strikes out swinging
Bottom of the 5th over - 0 runs, 0 hits, 0 errors, 0 left on base; Richmond 6 - Altoona 2
TOP OF THE 6TH
Richmond Flying Squirrels batting - Pitching for Altoona Curve : RHP Johnny Hinojos
Batting: RHB Alex Vasquez 0-0: Ball
1-0: Swinging Strike
1-1: Ball
2-1: Ground out 5-3 (Groundball, 56S, EV 80.6 MPH)
Batting: RHB Carlos Rodriguez 0-0: Fly out, F1 (Popup, 13, EV 84.4 MPH)
Batting: LHB Bill Curtis 0-0: Called Strike
0-1: Fly out, F8 (Flyball, 8RM, EV 90.6 MPH)
Top of the 6th over - 0 runs, 0 hits, 0 errors, 0 left on base; Richmond 6 - Altoona 2
BOTTOM OF THE 6TH
Altoona Curve batting - Pitching for Richmond Flying Squirrels : LHP Adam Espinoza
Batting: RHB Jason Wine 0-0: Ball
1-0: Ball
2-0: Ball
3-0: Called Strike
3-1: SINGLE (Flyball, 34D, EV 90.0 MPH)
Pitching: RHP Charlie Fleet
Batting: SHB Ken Campbell 0-0: Ball
1-0: Called Strike
1-1: Ball
2-1: Ball
3-1: Called Strike
3-2: Strikes out swinging
Batting: RHB Stuart Steitz 0-0: Called Strike
0-1: SINGLE (Line Drive, 34, EV 108.8 MPH)
Jason Wine to second
Batting: RHB Mike Mays 0-0: Ball
1-0: SINGLE (Line Drive, 89S, EV 96.9 MPH)
Jason Wine to third
Stuart Steitz to second
Batting: LHB Jimmy O'Banion 0-0: Grounds into fielders choice 5-2 (Groundball, 25, EV 88.1 MPH)
Stuart Steitz to third
Mike Mays to second
Batting: RHB Mike Sears 0-0: Called Strike
0-1: Ball
1-1: Foul Ball, location: 3FF
1-2: Strikes out swinging
Bottom of the 6th over - 0 runs, 3 hits, 0 errors, 3 left on base; Richmond 6 - Altoona 2
TOP OF THE 7TH
Richmond Flying Squirrels batting - Pitching for Altoona Curve : RHP Johnny Hinojos
Batting: RHB Craig Knopp 0-0: Ball
1-0: Called Strike
1-1: Foul Ball, location: 9LMF
1-2: Foul Ball, location: 5F
1-2: Strikes out swinging
Batting: LHB Josh Layne 0-0: Fly out, F9 (Flyball, 9LD, EV 88.8 MPH)
Batting: RHB Nawaf Shafeeq 0-0: SINGLE (Groundball, 4MS, EV 64.4 MPH) (infield hit)
Batting: LHB Eric Binder 0-0: Fly out, F4 (Popup, 4, EV 77.5 MPH)
Top of the 7th over - 0 runs, 1 hit, 0 errors, 1 left on base; Richmond 6 - Altoona 2
BOTTOM OF THE 7TH
Altoona Curve batting - Pitching for Richmond Flying Squirrels : RHP Charlie Fleet
Batting: LHB Orlando Vega 0-0: Ball
1-0: Ball
2-0: Ball
3-0: Base on Balls
Batting: RHB Jeff Morgan 0-0: Ball
1-0: Fly out, F8 (Flyball, 78D, EV 86.3 MPH)
Batting: SHB Greg O'Donnell 0-0: Swinging Strike
0-1: Foul Ball, location: 2F
0-2: Strikes out swinging
Batting: RHB Jason Wine 0-0: Called Strike
0-1: Swinging Strike
0-2: Ball
1-2: Foul Ball, location: 9LSF
1-2: Ball
2-2: SINGLE (Line Drive, 78S, EV 90.6 MPH)
Orlando Vega to second
Batting: SHB Ken Campbell 0-0: Called Strike
0-1: Ball
1-1: Ball
2-1: Called Strike
2-2: Ball
3-2: Strikes out swinging
Bottom of the 7th over - 0 runs, 1 hit, 0 errors, 2 left on base; Richmond 6 - Altoona 2
TOP OF THE 8TH
Richmond Flying Squirrels batting - Pitching for Altoona Curve : RHP Johnny Hinojos
Batting: RHB Luis Henad 0-0: Foul Ball, location: 5FF
0-1: Ball
1-1: Ball
2-1: DOUBLE (Flyball, 8LXD, EV 104.4 MPH)
Batting: SHB Paul DiPietro 0-0: Intentional Walk
Pitching: RHP Olav Zeegers
Batting: RHB Alex Vasquez 0-0: Ball
1-0: Ball
2-0: DOUBLE (Line Drive, 78D, EV 98.1 MPH)
Luis Henad scores
Paul DiPietro to third
Batting: RHB Carlos Rodriguez 0-0: Ball
1-0: Ball
2-0: Ball
3-0: Base on Balls
Batting: LHB Bill Curtis 0-0: Called Strike
0-1: Ball
1-1: Foul Ball, location: 5SF
1-2: Ball
2-2: Ball
3-2: Foul Ball, location: 25FF
3-2: Base on Balls
Paul DiPietro scores
Alex Vasquez to third
Carlos Rodriguez to second
Batting: RHB Craig Knopp 0-0: Ball
1-0: Grounds into double play, 6-4-3 (Groundball, 6D, EV 78.8 MPH)
Alex Vasquez scores
Carlos Rodriguez to third
Batting: LHB Josh Layne 0-0: Ball
1-0: Foul Ball, location: 5F
1-1: Foul Ball, location: 2F
1-2: 2-RUN HOME RUN (Flyball, 9D, EV 100.0 MPH), Distance : 381 ft
Pinch Hitting: RHB Ed Anstey 0-0: Fly out, F9 (Flyball, 9S, EV 75.0 MPH)
Top of the 8th over - 5 runs, 3 hits, 0 errors, 0 left on base; Richmond 11 - Altoona 2
BOTTOM OF THE 8TH
Altoona Curve batting - Pitching for Richmond Flying Squirrels : RHP Charlie Fleet
Now at 2B: Alex Vasquez
Now at SS: Kevin Berry
Batting: RHB Stuart Steitz 0-0: Foul Ball, location: 25F
0-1: Foul Ball, location: 2F
0-2: Strikes out swinging
Batting: RHB Mike Mays 0-0: Fly out, F7 (Flyball, 78S, EV 98.8 MPH)
Batting: LHB Jimmy O'Banion 0-0: Called Strike
0-1: Called Strike
0-2: Foul Ball, location: 2F
0-2: Foul Ball, location: 25F
0-2: Strikes out swinging
Bottom of the 8th over - 0 runs, 0 hits, 0 errors, 0 left on base; Richmond 11 - Altoona 2
TOP OF THE 9TH
Richmond Flying Squirrels batting - Pitching for Altoona Curve : RHP Olav Zeegers
Batting: LHB Eric Binder 0-0: Foul Ball, location: 7LSF
0-1: Ball
1-1: Ball
2-1: DOUBLE (Flyball, 8LXD, EV 103.8 MPH)
Batting: RHB Luis Henad 0-0: Called Strike
0-1: Ball
1-1: Ball
2-1: Called Strike
2-2: Ground out 4-3 (Groundball, 4, EV 90.6 MPH)
Eric Binder to third
Batting: SHB Paul DiPietro 0-0: Ball
1-0: Ground out 5-3 (Groundball, 5L, EV 96.9 MPH)
Batting: RHB Alex Vasquez 0-0: Called Strike
0-1: Ball
1-1: Ball
2-1: Ball
3-1: SINGLE (Groundball, 56D, EV 95.6 MPH)
Eric Binder scores
Batting: RHB Carlos Rodriguez 0-0: Ball
1-0: Fly out, F5 (Popup, 56S, EV 80.6 MPH)
Top of the 9th over - 1 run, 2 hits, 0 errors, 1 left on base; Richmond 12 - Altoona 2
BOTTOM OF THE 9TH
Altoona Curve batting - Pitching for Richmond Flying Squirrels : RHP Charlie Fleet
Batting: RHB Mike Sears 0-0: Ball
1-0: Called Strike
1-1: Ball
2-1: Ground out 4-3 (Groundball, 4D, EV 99.4 MPH)
Batting: LHB Orlando Vega 0-0: Called Strike
0-1: Ball
1-1: Ball
2-1: Called Strike
2-2: Strikes out swinging
Batting: RHB Jeff Morgan 0-0: Called Strike
0-1: Swinging Strike
0-2: Ball
1-2: Ball
2-2: Foul Ball, location: 5FF
2-2: Strikes out swinging
Bottom of the 9th over - 0 runs, 0 hits, 0 errors, 0 left on base; Richmond 12 - Altoona 2
Tuesday, May 14th , 2024 - OOTP Baseball 24.11 Build 85